Unix NetHack Version 5.0.0-0 post-release - last build Jun 10 2026 00:39:30 (3ee93aec679c4c4259841fe613dc97188e26a321,branch:main).

Game began 2026-07-04 13:00:08, ended 2026-07-04 13:23:27.

ARFwashere, neutral male gnomish Archeologist

     --------------              -----                              ----------
     |............|              |...|                              |.%%!%%%!|
     |.....<......-############ #.....#                             |..%%.%%%|
     ---------+-.--           # #-----#                             |.f!!%%%%|
              ###             ###     #                           ##-@.B%..%!|
            ##)                 #     #                           # |%%@..%%%|
            # 0*))####                ###                -----  ### |..%%%%%%|
           ##        ##                 #               #-...|  #   ----------
      ######          #)####            #   -------     #|...|  #
     -|----------          ##           #   |.....|     #|>..| ##
     |..........|         --.---        #   |.....|    ##|.).| #
     |..........-###      |.F..|        #   |.....|  ### |...| #
     |..........|  #######.....|#       ##  |....(.###   |....##
     ------------         |....-#        ###......|      -----
                          |....|#####       -------
                          |.....#
                          ------

ARFwashere the Field Worker  St:12 Dx:13 Co:13 In:15 Wi:15 Ch:8  Neutral
Dlvl:3  $:419 HP:0(20) Pw:19(19) AC:6  Xp:3 T:1592  Burdened

Latest messages:
 The kitten picks up a food ration.
 The giant bat bites!
 The giant bat bites!
 The kitten drops a food ration.
 The giant bat bites!
 The giant bat bites!
 The giant bat bites!
 You miss the giant bat.
 The giant bat bites!
 The kitten picks up a food ration.
 The giant bat bites!
 The kitten drops a food ration.
 What do you want to put on? [p or ?*] <space>
 Never mind.
 Are you sure you want to pray? [yn] (n) y
 You begin praying to Camaxtli.
 You are surrounded by a shimmering light.
 The giant bat starts to attack you, but pulls back.
 The giant bat starts to attack you, but pulls back.
 The giant bat starts to attack you, but pulls back.
 The kitten picks up a food ration.
 The giant bat starts to attack you, but pulls back.
 The giant bat starts to attack you, but pulls back.
 The giant bat starts to attack you, but pulls back.
 You finish your prayer.
 You feel that Camaxtli is well-pleased.
 You feel much better.
 What do you want to wield? [- aGO or ?*] a
 a - a +2 bullwhip (weapon in right hand).
 The giant bat bites!
 You miss the giant bat.
 The giant bat bites!
 The giant bat bites!
 You miss the giant bat.
 The giant bat just misses!
 The giant bat bites!
 The giant bat misses!
 The kitten drops a food ration.
 The giant bat bites!
 You see here a puce potion (for sale, 67 zorkmids).
 The kitten misses the giant bat.
 You feel tough!
 You must have been leading a healthy life-style.
 You see here a fortune cookie (for sale, 9 zorkmids).
 The kitten bites the giant bat.
 The giant bat misses the kitten.
 The giant bat bites!
 You die...
 Starla gratefully inherits all your possessions.
 Do you want to see what you had when you died? [ynq] (y) q

Inventory:
 Coins    ('$')
  $ - 419 gold pieces
 Weapons  (')')
  O - a +0 elven dagger
  G - a blessed +0 orcish dagger (at the ready)
  a - a +2 bullwhip (weapon in right hand)
 Armor    ('[')
  I - an uncursed +0 orcish helm (being worn)
  b - a blessed +0 leather jacket
  l - an uncursed +0 ring mail (being worn)
 Comestibles  ('%')
  M - an uncursed banana
  d - 3 uncursed food rations
  P - 5 uncursed tins of spinach
 Scrolls  ('?')
  r - an uncursed scroll of enchant weapon
  k - an uncursed scroll of identify
  J - a cursed scroll of identify
 Potions  ('!')
  j - an uncursed potion of healing
  K - an uncursed potion of monster detection
  N - an uncursed potion of speed
 Tools    ('(')
  i - an uncursed bag of holding containing 4 items
  E - an empty uncursed bag of holding
  q - a magic marker (0:63)
  F - an uncursed oil lamp
  n - an uncursed skeleton key
  p - an uncursed towel
 Gems/Stones  ('*')
  g - an uncursed touchstone

Contents of the bag of holding:
  an empty uncursed sack
  a blessed brass lantern
  a +0 pick-axe
  a tinning kit (0:53)

ARFwashere the Archeologist's attributes:

Background:
 You were a Field Worker, a level 3 male gnomish Archeologist.
 You were neutral, on a mission for Camaxtli
 who was opposed by Quetzalcoatl (lawful) and Huhetotl (chaotic).
 You were right-handed.
 You were in the Dungeons of Doom, on level 3.
 You entered the dungeon 1592 turns ago.
 You had 41 experience points, 39 more were needed to attain level 4.

Basics:
 You had 0 out of 20 hit points.
 You had all 19 energy points (spell power).
 Your armor class was 6.
 Your wallet contained 419 zorkmids.
 Autopickup was on, but temporarily disabled while inside the shop.

Final Characteristics:
 Your strength was 12 (limit:18/50).
 Your dexterity was 13 (limit:18).
 Your constitution was 13 (limit:18).
 Your intelligence was 15 (limit:19).
 Your wisdom was 15 (limit:18).
 Your charisma was 8 (limit:18).

Final Status:
 You weren't hungry.
 You were burdened; movement was slightly slowed.
 You were wielding a whip.
 You had basic skill with whip.

Final Attributes:
 You were devoutly aligned.
 You had automatic searching.
 You had infravision.
 You were warded.
 You are dead.

Miscellaneous:
 You didn't encounter any bones levels.
 Total elapsed playing time was 23 minutes and 19 seconds.

Major events:
 Turn
    1: ARFwashere the neutral male gnomish Archeologist entered the dungeon
 1535: attained the rank of Field Worker (level 3)
 1592: killed by a giant bat

You didn't know any spells.

Skills:
 Fighting Skills
   bare handed combat [Unskilled]
   two weapon combat  [Unskilled]
   riding             [Unskilled]
 Weapon Skills
   dagger             [Unskilled]
   knife              [Unskilled]
   pick-axe           [Basic]
   short sword        [Unskilled]
   saber              [Unskilled]
   club               [Unskilled]
   quarterstaff       [Unskilled]
   sling              [Unskilled]
   dart               [Unskilled]
   boomerang          [Unskilled]
   whip               [Basic]
   unicorn horn       [Unskilled]
 Spellcasting Skills
   attack spells      [Unskilled]
   healing spells     [Unskilled]
   divination spells  [Unskilled]
   matter spells      [Unskilled]

Voluntary challenges:
 Character rerolling was not enabled.
 You never genocided any monsters.
 You never polymorphed an object.
 You never changed form.
 You used no wishes.
Achievements:
 You entered a shop.
 You attained the rank of Field Worker.

 The Dungeons of Doom: levels 1 to 3
    Level 1:
    Level 2:
       A tool shop, a fountain, a sink.
    Level 3: <- You were here.
       A vegetarian food shop, a fountain.
       Final resting place for
          you, killed by a giant bat.


Vanquished creatures:
  a hobbit
  a large kobold
  2 geckos
  a goblin
  2 sewer rats
  6 grid bugs
  2 lichens
  6 newts
21 creatures vanquished.

No species were genocided or became extinct.

Game over:
                       ----------
                      /          \
                     /    REST    \
                    /      IN      \
                   /     PEACE      \
                  /                  \
                  |    ARFwashere    |
                  |      419 Au      |
                  |   killed by a    |
                  |    giant bat     |
                  |                  |
                  |                  |
                  |       2026       |
                 *|     *  *  *      | *
        _________)/\\_//(\/(/\)/\//\/|_)_______

Goodbye ARFwashere the Archeologist...

You died in The Dungeons of Doom on dungeon level 3 with 642 points,
and 419 pieces of gold, after 1592 moves.
You were level 3 with a maximum of 20 hit points when you died.

